 Dungeon Crawl Stone Soup version 0.16.2-12-gd0ad4c3 (webtiles) character file.

58 dvd the Charmwright (level 3, -2/24 HPs)
             Began as a High Elf Skald on Oct 14, 2015.
             Slain by a worm (8 damage)
             ... on level 2 of the Dungeon.
             The game lasted 00:08:09 (1775 turns).

dvd the Charmwright (High Elf Skald)                Turns: 1775, Time: 00:08:09

Health: -2/24      AC:  3    Str: 11    XL:     3   Next: 75%
Magic:  10/10      EV: 11    Int: 17    God:
Gold:   62         SH:  0    Dex: 14    Spells: 2 memorised, 5 levels left

rFire  . . .     SeeInvis .     j - +3 dagger (speed)
rCold  . . .     Clarity  .     b - +0 leather armour
rNeg   . . .     SustAb   .     (no shield)
rPois  .         Gourm    .     (no helmet)
rElec  .         Spirit   .     (no cloak)
rCorr  .         Warding  .     (no gloves)
rMut   .         Stasis   .     (no boots)
MR     .....                    i - amulet of inaccuracy (curse)
Stlth  ..........               (no ring)
                                h - ring of loudness (curse)

@: very slightly contaminated, not resistant to hostile enchantments, extremely
unstealthy
A: no striking features
a: no special abilities


You were on level 2 of the Dungeon.
You were very hungry.

You visited 1 branch of the dungeon, and saw 2 of its levels.

You collected 62 gold pieces.

Inventory:

Hand weapons
 a - a +0 falchion
 j - a +3 dagger of speed (weapon)
Armour
 b - a +0 leather armour (worn)
Jewellery
 h - a cursed ring of loudness (left hand)
 i - a cursed amulet of inaccuracy (around neck)
Scrolls
 g - 4 scrolls of identify
Potions
 e - 2 potions of restore abilities
 l - a potion of curing {unknown}
Books
 c - a book of Battle

   Spells                             Type                      Level
   a - Infusion                       Charms                       1
   b - Shroud of Golubria             Charms/Translocation         2
   c - Song of Slaying                Charms                       2
   d - Spectral Weapon                Hexes/Charms                 3
   e - Regeneration                   Charms/Necromancy            3
 f - a book of Debilitation

   Spells                             Type                      Level
   a - Corona                         Hexes                        1
   b - Slow                           Hexes                        2
   c - Inner Flame                    Hexes/Fire                   3
   d - Enslavement                    Hexes                        4
   e - Cause Fear                     Hexes                        4
   f - Leda's Liquefaction            Hexes/Earth                  4
Comestibles
 d - a bread ration
 k - 2 meat rations


   Skills:
 + Level 2.1 Fighting
 + Level 0.2(1.6) Short Blades
 + Level 2.6 Long Blades
 + Level 1.4 Armour
 + Level 1.5 Dodging
 + Level 0.5 Stealth
 + Level 3.1 Spellcasting
 + Level 4.3 Charms


You had 5 spell levels left.
You knew the following spells:

 Your Spells              Type           Power        Failure   Level  Hunger
a - Infusion              Chrm           ###...       4%          1    None
b - Song of Slaying       Chrm           ###.....     8%          2    ##.....


Dungeon Overview and Level Annotations

Branches:
Dungeon (2/15)

Altars:


Message History

The worm is moderately wounded.
You hit the worm.
The worm is moderately wounded.
You hit the worm but do no damage.
The worm is moderately wounded.
The worm bites you!
* * * LOW HITPOINT WARNING * * *
You hit the worm.
The worm is heavily wounded.
You closely miss the worm.
The worm is heavily wounded.
The worm closely misses you.
You hit the worm but do no damage.
The worm is heavily wounded.
You hit the worm.
The worm is heavily wounded.
You hit the worm.
The worm is severely wounded.
The worm bites you!
You die...

####### ##########.....##
#...............#
#...w.^.........# .
#..@........(...#
#.####...............#
...#..#.#####.......####
#...##[# #..........#
...###..#..# ##..........
...........########........
.....####......# #........
. #..####.# #........ #.##
.#........


You could see a worm.

Vanquished Creatures
  Jessica (D:2)
  2 oozes
  2 ball pythons (D:1)
  3 bats (D:1)
  2 giant cockroaches (D:1)
  8 hobgoblins
  7 goblins (D:1)
  6 kobolds (D:1)
  3 rats
34 creatures vanquished.

Notes
Turn   | Place    | Note
--------------------------------------------------------------
     0 | D:1      | dvd, the High Elf Skald, began the quest for the Orb.
     0 | D:1      | Reached XP level 1. HP: 14/14 MP: 4/4
   104 | D:1      | Reached skill level 4 in Charms
   348 | D:1      | Reached XP level 2. HP: 13/19 MP: 4/6
   767 | D:1      | Reached skill level 1 in Armour
   848 | D:1      | Learned a level 2 spell: Song of Slaying
  1148 | D:1      | Reached XP level 3. HP: 22/24 MP: 2/9
  1642 | D:2      | Noticed Jessica
  1656 | D:2      | Killed Jessica
  1775 | D:2      | Slain by a worm

Action                   || total
-------------------------++-------
Melee: Falchion          ||    71
       Dagger            ||    67
 Cast: Infusion          ||    18
       Song of Slaying   ||     1
  Use: Scroll            ||     3
  Eat: Chunk             ||     2
